 Dungeon Crawl Stone Soup version 0.28-a0-664-gc179e30c89 (webtiles) character file.

Game seed: 14691496667027943821

177 mordus the Shield-Bearer (level 5, 0/61 HPs)
             Began as a Formicid Fighter on Oct 15, 2021.
             Succumbed to an adder's poison
             ... on level 3 of the Dungeon.
             The game lasted 00:05:36 (4141 turns).

mordus the Shield-Bearer (Formicid Fighter)         Turns: 4141, Time: 00:05:36

Health: 0/61       AC: 22    Str: 21    XL:     5   Next: 87%
Magic:  5/5        EV:  2    Int:  8    God:
Gold:   131        SH:  4    Dex: 10    Spells: 4/4 levels left

rFire   . . .      SeeInvis .   a - +0 flail
rCold   . . .      Faith    .   c - +0 buckler
rNeg    . . .      Spirit   .   (armour currently unavailable)
rPois   +          Reflect  .   (helmet unavailable)
rElec   .          Harm     .   (cloak currently unavailable)
rCorr   .          Rampage  .   (gloves currently unavailable)
Will    .....                   (boots currently unavailable)
Stlth   +.........              (no amulet)
HPRegen 0.20/turn               (no ring)
MPRegen 0.09/turn               (no ring)

@: lethally poisoned (0 -> -6), tree-form
A: stationary, stasis, torment immunity, boosted hp, permanent stasis, dig
shafts and tunnels, (antennae 3), four strong arms
a: no special abilities


You were on level 3 of the Dungeon.
You were a tree.
You visited 1 branch of the dungeon, and saw 4 of its levels.

You collected 131 gold pieces.

Inventory:

Hand Weapons
 a - a +0 flail (weapon)
Armour
 b - a +0 scale mail
 c - a +0 buckler (worn)
 j - a +0 chain mail (melded)
Scrolls
 f - 2 scrolls of magic mapping {unknown}
 g - 3 scrolls of identify {unknown}
 i - 2 scrolls of amnesia {unknown}
Potions
 d - a potion of might
 h - a potion of degeneration {unknown}
 k - a potion of haste {unknown}


   Skills:
 - Level 3.2 Fighting
 * Level 4.2 Maces & Flails
 + Level 4.3 Armour
 + Level 4.8 Shields


You had 4 spell levels left.
You didn't know any spells.
Your spell library contained the following spells:

 Spells                   Type           Power      Damage    Failure   Level
 Sandblast                Erth           0%         2d4       41%         1
 Passwall                 Tmut/Erth      0%         N/A       54%         2
 Stone Arrow              Conj/Erth      0%         3d7       78%         3


Dungeon Overview and Level Annotations

Branches:
Dungeon (4/15)
 Temple: D:4-7

Altars:
Qazlal
The Shining One

Shops:
D:2 [=([


Innate Abilities, Weirdness & Mutations

You are a tree.
Your roots penetrate the ground, keeping you stationary.
You cannot be teleported.
You are immune to unholy pain and torment.
Your maximum health is greatly increased.
Your equipment is partially melded.
You cannot be hasted, slowed, berserked, paralysed or teleported.
You can dig through walls and to a lower floor.
((You have a pair of large antennae on your head. (SInv)))
Your four strong arms can wield two-handed weapons with a shield.


Message History

The adder closely misses you. The adder bites you.
You are poisoned.
The adder poisons you! The adder bites you but does no damage.
You feel sick.
You feel sick.
You feel sick. The adder bites you.
You feel sick.
You feel sick.
You feel sick. The adder closely misses you.
You feel sick.
You are no longer poisoned.
The adder barely misses you. The adder bites you.
The orc priest invokes the aid of Beogh against you.
Beogh smites you!
* * * LOW HITPOINT WARNING * * *
The adder barely misses you.
There is a stone staircase leading up here.
The adder barely misses you.
You climb upwards.
There is a stone staircase leading down here.
You closely miss the adder. The adder bites you but does no damage.
You block the adder's attack.
You hit the adder.
The adder is lightly wounded.
The adder bites you.
* * * LOW HITPOINT WARNING * * *
You miss the adder.
The adder is lightly wounded.
The adder barely misses you. x2
It was a potion of lignification.
You turn into a tree.
Your +0 chain mail melds into your body.
Your roots penetrate the ground.
The adder bites you.
* * * LOW HITPOINT WARNING * * *
You are lethally poisoned!
The adder poisons you!
You miss the adder.
The adder is lightly wounded.
You die...

#######.##.# #.#........###.## ##
# #....# #)..#####..##...###. #
#.#..####.## #.....#..... #
#.#..##...# ##.##...###. #
#.#..##.### #.###.## ## #
#.#..##.# #.# #.# #
#######.#..##.# #.# #.#
........#.....#########.# #.#
........).......♣.......# #.#
.##.####........S....#..# #.#
..#.# #.#.##.###.......###.#####
##..####.#.##....(...............
#........<...###..........######
##.#######.##.####...............
..########<##>[............######
..............#####.....##.#
.#########.#### ##....##.#


You could see an adder.

Vanquished Creatures
  An orc priest (D:3)
  4 gnolls
  An adder (D:2)
  2 worms (D:2)
  A dart slug (D:2)
  4 orcs (D:3)
  4 bats
  4 endoplasms
  3 giant cockroaches (D:1)
  8 goblins
  8 hobgoblins
  11 jackals
  2 quokkas
  9 ball pythons
  8 frilled lizards
  7 kobolds
  9 rats
86 creatures vanquished.

Vanquished Creatures (others)
  2 plants (D:1)
2 creatures vanquished.

Grand Total: 88 creatures vanquished

Notes
Turn   | Place    | Note
-------+----------+-------------------------------------------
     0 | D:1      | mordus the Formicid Fighter began the quest for the Orb.
     0 | D:1      | Reached XP level 1. HP: 18/18 MP: 1/1
   130 | D:1      | Reached XP level 2. HP: 7/24 MP: 2/2
   810 | D:1      | Reached XP level 3. HP: 29/29 MP: 3/3
  1343 | D:2      | Found Honomuv's Antique Armour Shop.
  1376 | D:2      | Reached XP level 4. HP: 35/35 MP: 4/4
  1810 | D:2      | Found a faded altar of an unknown god.
  2234 | D:2      | Found Kafeleal's Antique Armour Emporium.
  2244 | D:2      | Found a glowing golden altar of the Shining One.
  2275 | D:2      | Reached XP level 5. HP: 38/41 MP: 5/5
  2376 | D:2      | Found Ritza's Jewellery Shoppe.
  2385 | D:2      | Found Cogg's Weapon Emporium.
  3047 | D:3      | Found a stormy altar of Qazlal.
  4138 | D:3      | HP: 2/41 [adder (4)]
  4141 | D:3      | Succumbed to an adder's poison

Illustrated notes

Levels and vault maps discovered:
D:1:      dpeg_arrival_arbitrary_b, layout_loops_cross, serial_forest,
          infiniplex_forest_clump_C, infiniplex_forest_lined_2,
          infiniplex_forest_lined_2, infiniplex_forest_straight_1,
          infiniplex_forest_end_1, infiniplex_forest_straight_4,
          infiniplex_forest_clump_large
D:2:      layout_loops_ring, basic_ecumenical_altar, basic_altar, serial_shops,
          nicolae_shop_behind_doors, shop, shop, shop_fountains,
          minmay_heptomino_l4
D:3:      layout_loops_ring, lemuel_doored_altar
D:4:      layout_loops_cross

Skill      XL: |  1  2  3  4  5 |
---------------+----------------+-----
Shields        | 4 |  4.8
Maces & Flails | 3 4 |  4.2
Armour         | 4 |  4.3
Fighting       | |  3.2

Action                   |  1- 3 |  4- 6 || total
-------------------------+-------+-------++-------
Melee: Flail             |   109 |   200 ||   309
  Use: Potion            |       |     1 ||     1
Armor: Scale mail        |    68 |    54 ||   122
       Chain mail        |       |    17 ||    17
Dodge: Dodged            |    62 |    87 ||   149
Block: Buckler           |    29 |    42 ||    71

Table legend: (Time is in decaauts)
 A = Elapsed time spent in this place.
 B = Non-inter-level travel time spent in this place.
 C = Inter-level travel time spent in this place.
 D = Time resting spent in this place.
 E = Time spent auto-exploring this place.
 F = Levels seen in this place.
 G = Mean time per level.
                   A        B        C        D        E       F      G
               +--------+--------+--------+--------+--------+-----+--------+
         Total |   4214 |   4180 |     34 |   1087 |   2284 |   4 | 1053.5 |
       Dungeon |   4214 |   4180 |     34 |   1087 |   2284 |   4 | 1053.5 |
               +--------+--------+--------+--------+--------+-----+--------+

Top non-repeatable levels by time:
     D:1: 1477 daAuts
     D:2: 1341 daAuts
     D:3: 971 daAuts
     D:4: 423 daAuts
